Map: 2000 Atmospheres LE

Players

StarDuck

  • Race: Protoss Protoss

Probe - Winner!

  • Race: Protoss Protoss

Event: DreamHack SC2 Masters 2021 Fall

VOD

Have the link to the VOD?

Description

Time

  • Played on: July 28, 2021, 5:33 a.m.
  • Length: 16:02

All games in this series

Show
View Real Time Build Order
Export as new Build Order

StarDuck Protoss 

Build Orders: Phoenix Opening, Blink Stalkers 

Get SALT Encoding   

  12  0:00  Probe  
  13  0:12  Probe  
  14  0:17  Pylon  
  14  0:24  Probe (Chrono Boost)  
  16  0:36  Probe (Chrono Boost)  
  16  0:37  Gateway  
  16  0:43  Probe (Chrono Boost)  
  16  0:46  Assimilator  
  17  0:51  Probe  
  17  0:54  Assimilator  
  18  1:03  Probe (Chrono Boost)  
  19  1:10  Gateway  
  19  1:14  Probe (Chrono Boost)  
  20  1:18  Probe (Chrono Boost)  
  21  1:27  Cybernetics Core  
  21  1:29  Probe  
  22  1:36  Pylon  
  22  1:41  Probe  
  23  1:54  Probe  
  24  2:05  Sentry, Stalker  
  24  2:07  Warp Gate  
  24  2:08  Probe  
  29  2:13  Pylon  
  29  2:17  Pylon  
  29  2:20  Probe  
  30  2:32  Probe  
  30  2:33  Sentry  
  33  2:38  Phoenix  
  33  2:49  Nexus  
  33  2:52  Sentry  
  33  2:58  Shield Battery  
  35  3:07  Stalker  
  35  3:12  Pylon  
  37  3:16  Probe  
  38  3:22  Twilight Council  
  38  3:29  Probe (Chrono Boost)  
  39  3:35  Forge  
  39  3:46  Stalker  
  41  3:56  Probe  
  41  3:58  Blink (Chrono Boost)  
  42  4:03  Probe (Chrono Boost)  
  42  4:05  Protoss Ground Weapons Level 1 (Chrono Boost)  
  44  4:12  Probe (Chrono Boost)  
  44  4:15  Probe (Chrono Boost)  
  45  4:22  Probe (Chrono Boost)  
  45  4:23  Assimilator, Probe (Chrono Boost)  
  47  4:28  Robotics Facility  
  47  4:32  Probe  
  47  4:33  Probe  
  48  4:46  Stalker x2  
  48  4:51  Probe x2  
  52  5:02  Phoenix  
  52  5:03  Probe x2  
  52  5:05  Nexus  
  54  5:08  Pylon  
  54  5:13  Immortal (Chrono Boost)  
  54  5:15  Probe  
  54  5:20  Gateway  
  59  5:25  Gateway  
  59  5:30  Probe  
  59  5:32  Shield Battery  
  60  5:37  Pylon  
  60  5:38  Probe  
  60  5:41  Stalker  
  63  5:43  Stalker  
  63  5:46  Probe  
  66  5:51  Pylon  
  66  5:54  Charge (Chrono Boost)  
  66  5:55  Observer  
  67  5:58  Probe  
  67  6:00  Probe  
  67  6:04  Gateway  
  69  6:06  Gateway  
  69  6:15  Probe  
  69  6:16  Stalker  
  68  6:27  Probe x2  
  68  6:34  Protoss Ground Weapons Level 2 (Chrono Boost)  
  63  6:40  Stalker x2, Probe  
  63  6:41  Zealot x2, Probe  
  63  6:42  Probe  
  71  6:50  Immortal (Chrono Boost)  
  71  6:52  Probe  
  76  6:54  Probe  
  76  7:00  Zealot  
  79  7:02  Zealot x3  
  79  7:07  Dark Shrine  
  85  7:10  Zealot  
  85  7:12  Zealot  
  89  7:23  Pylon  
  89  7:31  Stalker x3  
  89  7:32  Zealot x3  
  101  7:42  Nexus  
  101  7:43  Pylon  
  101  7:50  Warp Prism  
  103  7:51  Probe  
  104  7:59  Probe x2  
  104  8:02  Photon Cannon  
  104  8:04  Photon Cannon  
  106  8:08  Pylon  
  106  8:13  Stalker x2  
  106  8:14  Stalker, Zealot  
  114  8:25  Probe  
  115  8:29  Pylon  
  115  8:36  Stalker x4  
  121  8:41  Gateway  
  121  8:43  Gateway  
  121  8:51  Dark Templar  
  121  8:52  Dark Templar  
  101  9:13  Protoss Ground Weapons Level 3 (Chrono Boost)  
  101  9:14  Probe (Chrono Boost)  
  101  9:15  Probe x2 (Chrono Boost)  
  99  9:19  Zealot x4  
  99  9:20  Probe (Chrono Boost)  
  109  9:24  Shield Battery, Probe x2 (Chrono Boost)  
  109  9:28  Photon Cannon, Zealot x2  
  109  9:30  Photon Cannon  
  113  9:37  Shield Battery  
  113  9:42  Zealot x6  
  123  9:52  Dark Templar x2  
  127  9:59  Probe x3  
  130  10:06  Zealot x5  
  130  10:07  Zealot  
  136  10:24  Probe  
  136  10:25  Probe x2  
  139  10:32  Robotics Facility  
  139  10:33  Assimilator  
  139  10:34  Robotics Bay  
  139  10:35  Assimilator x2  
  139  10:37  Nexus  
  139  10:41  Zealot x4  
  145  10:55  Zealot x2  
  145  10:56  Zealot  
  145  11:00  Probe x3  
  148  11:04  Pylon  
  148  11:08  Pylon  
  148  11:10  Pylon  
  148  11:14  Pylon  
  148  11:15  Pylon  
  148  11:16  Pylon  
  148  11:18  Pylon  
  148  11:21  Assimilator, Pylon  
  148  11:22  Pylon, Probe  
  148  11:23  Zealot  
  148  11:24  Zealot x2  
  155  11:26  Assimilator  
  155  11:28  Pylon, Shadow Stride (Chrono Boost), Disruptor  
  155  11:29  Disruptor  
  159  11:37  Zealot x3  
  159  11:38  Zealot x2  
  169  11:42  Probe x3  
  169  11:44  Photon Cannon  
  169  11:46  Photon Cannon  
  172  11:48  Photon Cannon  
  172  11:50  Shield Battery  
  172  11:53  Assimilator  
  172  11:55  Assimilator  
  172  11:56  Dark Templar  
  172  11:57  Dark Templar x3  
  164  12:22  Zealot x4  
  156  12:26  Disruptor x2 (Chrono Boost)  
  158  12:32  Stalker x4  
  165  13:01  Disruptor x2 (Chrono Boost)  
  171  13:05  Zealot x3  
  171  13:06  Zealot x5  
  185  13:18  Photon Cannon  
  185  13:22  Photon Cannon x2  
  185  13:25  Disruptor (Chrono Boost)  
  185  13:26  Observer (Chrono Boost), Dark Templar x3  
  185  13:27  Dark Templar, Zealot  
  197  13:32  Zealot x3  
  197  13:33  Dark Templar x3  
  199  13:36  Probe  
  163  13:50  Zealot x2  
  163  13:54  Dark Templar x3  
  159  14:17  Stalker  
  159  14:18  Stalker x2  
  159  14:25  Zealot  
  159  14:28  Observer x2  
  159  14:31  Gravitic Drive  
  161  14:43  Stalker x6  
  161  14:44  Stalker  
  169  14:48  Gateway  
  169  14:50  Gateway  
  169  14:51  Disruptor x2  
  151  15:17  Dark Templar x8  
Show
View Real Time Build Order
Export as new Build Order

Probe Protoss - Winner!

Build Orders: Phoenix Opening, Blink Stalkers 

Get SALT Encoding   

  12  0:00  Probe  
  13  0:12  Probe  
  14  0:17  Pylon  
  14  0:24  Probe (Chrono Boost)  
  16  0:36  Probe (Chrono Boost)  
  16  0:38  Gateway  
  16  0:43  Probe (Chrono Boost)  
  16  0:45  Assimilator  
  17  0:51  Probe  
  17  0:55  Assimilator  
  18  1:03  Probe (Chrono Boost)  
  19  1:08  Gateway  
  20  1:12  Probe (Chrono Boost)  
  20  1:17  Probe (Chrono Boost)  
  21  1:26  Cybernetics Core  
  21  1:29  Probe  
  22  1:37  Pylon  
  22  1:41  Probe  
  23  1:55  Probe  
  23  2:00  Warp Gate (Chrono Boost)  
  24  2:02  Stalker  
  24  2:04  Stalker  
  28  2:10  Probe  
  28  2:15  Pylon  
  29  2:22  Probe  
  30  2:32  Stalker  
  30  2:34  Stalker  
  34  2:40  Probe  
  34  2:53  Probe  
  35  3:03  Sentry  
  35  3:05  Sentry  
  39  3:11  Nexus  
  39  3:19  Pylon  
  39  3:26  Twilight Council  
  39  3:37  Probe  
  40  3:44  Phoenix  
  40  3:49  Probe  
  40  3:53  Blink (Chrono Boost)  
  41  3:57  Forge  
  41  4:01  Probe  
  41  4:02  Adept x2  
  46  4:13  Probe  
  47  4:27  Probe (Chrono Boost)  
  47  4:28  Protoss Ground Weapons Level 1 (Chrono Boost)  
  47  4:29  Phoenix  
  47  4:30  Probe (Chrono Boost)  
  49  4:36  Probe (Chrono Boost)  
  51  4:39  Probe (Chrono Boost)  
  51  4:41  Probe (Chrono Boost)  
  52  4:49  Probe  
  49  4:52  Gateway  
  49  4:53  Probe  
  49  4:54  Gateway  
  49  4:56  Robotics Facility  
  50  5:02  Probe  
  50  5:04  Stalker x2  
  50  5:05  Probe  
  56  5:07  Assimilator  
  56  5:14  Phoenix, Probe  
  57  5:17  Probe  
  58  5:26  Probe  
  59  5:29  Probe  
  59  5:30  Adept  
  59  5:31  Nexus  
  59  5:34  Pylon  
  62  5:36  Pylon  
  62  5:37  Pylon  
  62  5:44  Pylon  
  62  5:52  Probe x2  
  62  5:53  Adept  
  62  5:55  Stalker x2  
  70  6:00  Stalker  
  70  6:01  Observer  
  73  6:04  Probe x2  
  73  6:07  Shield Battery  
  73  6:16  Probe  
  73  6:18  Probe  
  73  6:24  Stalker x4  
  73  6:28  Probe  
  73  6:31  Probe  
  75  6:34  Protoss Ground Weapons Level 2 (Chrono Boost)  
  69  6:40  Probe  
  69  6:43  Probe  
  69  6:44  Phoenix  
  71  6:48  Probe  
  71  6:52  Probe  
  71  6:53  Observer  
  73  6:55  Probe  
  73  6:56  Gateway  
  73  6:58  Gateway  
  73  7:00  Charge, Gateway, Probe  
  75  7:04  Gateway  
  75  7:05  Probe  
  75  7:07  Probe  
  77  7:12  Probe  
  78  7:18  Stalker x4  
  78  7:22  Assimilator  
  86  7:27  Templar Archives  
  85  7:34  Shield Battery  
  85  7:35  Pylon  
  85  7:40  Photon Cannon  
  85  7:42  Photon Cannon  
  85  7:43  Photon Cannon  
  85  7:50  Zealot x3  
  85  7:51  Zealot x2  
  95  7:56  Robotics Bay  
  95  7:58  Robotics Facility  
  95  7:59  Assimilator, Phoenix  
  95  8:00  Shield Battery  
  95  8:04  Probe  
  95  8:05  Probe  
  97  8:06  Assimilator  
  97  8:13  Probe  
  97  8:18  Zealot x6  
  110  8:22  Pylon  
  110  8:26  High Templar x2  
  112  8:28  Pylon  
  110  8:34  Archon  
  110  8:41  Nexus  
  110  8:43  High Templar  
  110  8:44  High Templar, Zealot  
  110  8:48  Zealot x3  
  116  8:51  Shield Battery  
  116  8:54  Shield Battery  
  116  8:55  Archon  
  120  8:58  Zealot  
  120  9:02  Zealot  
  104  9:12  Disruptor x2 (Chrono Boost)  
  106  9:22  Photon Cannon x2  
  106  9:23  Zealot  
  108  9:24  Photon Cannon  
  108  9:34  Stalker x4  
  114  9:42  Observer, Stalker x2  
  114  9:43  Zealot  
  121  9:52  Stalker  
  121  10:06  Zealot  
  121  10:07  Disruptor (Chrono Boost), Zealot x2  
  125  10:10  Pylon  
  125  10:11  Disruptor (Chrono Boost)  
  131  10:15  Pylon  
  131  10:18  Pylon  
  131  10:21  Protoss Ground Weapons Level 3 (Chrono Boost)  
  129  10:23  Probe  
  129  10:24  Probe x2  
  129  10:26  Pylon  
  130  10:32  Stalker x4  
  138  10:38  Probe x2  
  138  10:40  Disruptor (Chrono Boost), Probe x2  
  145  10:45  Zealot x2  
  145  10:48  Disruptor (Chrono Boost)  
  149  10:54  Zealot x2  
  154  11:03  Zealot x4  
  162  11:08  Pylon  
  162  11:10  Pylon, Probe x2  
  164  11:13  Pylon, Probe  
  164  11:16  Dark Shrine  
  163  11:20  Observer x2  
  161  11:38  Stalker x8  
  177  11:44  Disruptor x2 (Chrono Boost)  
  183  11:48  Assimilator  
  183  11:49  Pylon  
  183  11:50  Assimilator  
  183  11:55  Photon Cannon  
  183  11:59  Photon Cannon  
  183  12:02  Zealot x2  
  171  12:22  Zealot  
  171  12:23  Zealot x5  
  171  12:24  Shadow Stride (Chrono Boost)  
  183  12:44  Dark Templar x6  
  195  12:55  Pylon  
  195  12:56  Stargate  
  190  13:07  Protoss Shields Level 1 (Chrono Boost)  
  190  13:12  Stalker x2  
  186  13:15  Gateway  
  186  13:18  Stalker x5  
  186  13:19  Gateway x2  
  196  13:31  Disruptor  
  199  13:35  Nexus  
  196  13:42  Disruptor  
  199  13:52  Gateway  
  199  13:55  Gateway  
  183  13:58  Dark Templar x2  
  183  13:59  Zealot  
  183  14:00  Zealot x5  
  183  14:02  Pylon  
  191  14:05  Pylon  
  185  14:17  Disruptor  
  185  14:18  Disruptor  
  189  14:25  Zealot x2  
  189  14:26  Zealot x4  
  189  14:30  Zealot  
  199  14:35  Photon Cannon  
  199  14:37  Photon Cannon  
  199  14:39  Photon Cannon  
  199  14:41  Photon Cannon  
  199  14:48  Probe  
  199  14:50  Shield Battery  
  192  15:25  Zealot  
  192  15:26  Zealot x4  

Tags
 
Add a new tag
Caveats
  • Supply blocks, unpowered buildings, or Contaminate may cause inaccurate times.
  • Supply counts are checked every 10 seconds.